woodfighter, chaotic female human Rogue G.--- .@..- G.)).. ..<.. .[.). ..... woodfighter the Rogue Experience level: 6 Strength: 16 Dexterity: 18 Constitution: 13 Intelligence: 12 Wisdom: 12 Charisma: 8 Health: 0(37) Energy: 21(21) Def: 4 Gold: 0 Moves: 2847 Dungeon seed: E8gSCj6mttarhTz- Game ID: woodfighter_1556733486 Your Inventory: Weapons a - a corroded +0 short sword (weapon in hand) b - 10 +0 daggers (in quiver) Armor e - an uncursed +1 leather armor (being worn) z - an uncursed +0 orcish helm (being worn) N - an uncursed +0 dwarvish cloak (being worn) Comestibles j - 7 uncursed food rations o - 4 uncursed tripe rations Wands h - a wand of opening (0:3) u - a wand of sleep (0:5) F - a wand of locking (0:7) Tools s - an uncursed bag of holding y - an uncursed lock pick B - an uncursed wax candle (0:400) W - an uncursed blindfold Gems n - an uncursed jacinth D - 3 uncursed worthless pieces of red glass E - 2 uncursed garnets L - an uncursed worthless piece of violet glass Contents of the bag of holding: 14 gold pieces a [uncursed] [+0] cloak of invisibility a [uncursed] [+0] dwarvish cloak a [uncursed] [+0] dwarvish cloak a [uncursed] [+0] dwarvish cloak a [cursed] [-1] dwarvish cloak an uncursed [+0] mummy wrapping a [uncursed] scroll of confuse monster an uncursed [-1] ring of adornment a [uncursed] [+0] pick-axe Spells and supernatural/magical abilities: Name Level Category Fail Memory W - pray for help -- divine ? -- Your skills at the end: Miscellaneous Skills wands [Basic] Weapon Skills dagger [Basic] short sword [Basic] Spellcasting Skills Final Attributes: You were piously aligned. Your writing hand was ok. You were somewhat stealthy. You are dead. Vanquished creatures: 2 leprechauns a gnome king a fog cloud 2 shriekers 3 gnome lords a kobold mummy a golden naga hatchling a puppy a floating eye 5 dwarves a quasit 2 iguanas a rothe a centipede a jitterbug an orc zombie a dwarf zombie 3 coyotes a hobbit an acid blob a large kobold 5 geckos a cave spider a green mold a red mold 9 gnomes 5 manes 6 jackals a fox a kobold 8 newts 4 goblins 7 grid bugs 2 lichens 2 kobold zombies 85 creatures vanquished. Voluntary challenges: You did not adorn yourself with jewelry or accessories. You did not cause conflict. You were not invisible. You did not have reflection. You were not displaced. You used a wielded weapon 145 times, starting on turn 34. You did not apply a unicorn horn. You did not use plumbed fixtures. You did not drink any magical draughts. You read items or engraved 2 times, starting on turn 2008. You never genocided any monsters. You never polymorphed an object. You never changed form. You used no wishes. You never split a pudding. You never wrote Elbereth's name. You never violated your personal moral code. Dungeon overview: The Dungeons of Doom: levels 1 to 7 Level 1 a long staircase Level 2 (water) a fountain stairs to The Gnomish Mines Level 3 Level 4 Level 5 many fountains Level 6 stairs to Sokoban Level 7 (water) The Gnomish Mines: levels 3 to 4 Level 3 stairs to The Dungeons of Doom Level 4 <- You were here Sokoban: Level 5 an altar to Mog, a magic chest stairs to The Dungeons of Doom History has recorded: On T:1 you entered the Dungeons of Doom to retrieve the Amulet of Yendor! On T:126 you reached level 2 of The Dungeons of Doom. On T:395 you reached level 1 of The Gnomish Mines. On T:482 you advanced to experience level 2. On T:745 you reached level 3 of The Dungeons of Doom. On T:785 you advanced to experience level 3. On T:894 you reached level 4 of The Dungeons of Doom. On T:1078 you reached level 5 of The Dungeons of Doom. On T:1133 you advanced to experience level 4. On T:1444 you prayed to Kos. On T:1448 you reached level 6 of The Dungeons of Doom. On T:1755 you reached level 7 of The Dungeons of Doom. On T:1884 you advanced to experience level 5. On T:1976 you reached level 4 of Sokoban. On T:2005 you opened a magic chest. On T:2454 you advanced to experience level 6. On T:2489 you reached level 2 of The Gnomish Mines. Score breakdown: Gold: 14 ( 1 points) Experience: 6 levels ( 500 points) Exploration: 7 levels ( 180 points) Discoveries: 13 items ( 650 points) Variety of kills: 35 monsters ( 1750 points) Major goal: (nothing yet) ( 0 points) Survival: died (score multiplied by 3) Total score: 9243 Latest messages: You put 14 gold pieces into the bag called holding. You put a hooded cloak into the bag called holding. You cannot stash something you are wearing. You put a dirty rag into the bag called holding. You put an uncursed mummy wrapping into the bag called holding. You cannot stash something you are wearing. You put a hooded cloak into the bag called holding. (3x) You cannot stash something you are wearing. You put a scroll labeled READ ME into the bag called holding. You put an uncursed diamond ring into the bag called holding. You put a pick-axe into the bag called holding. That food really hit the spot! You finish eating the food ration. Nowhere else around here can be automatically explored. (2x) Where do you want to travel to? You stop exploring. You are hit by a dagger! You are hit by a dagger. You stop exploring. You stab the gnome lord. The gnome king punches you! You stab the gnome lord. The gnome king punches you! The gnome lord punches you! You die... Final status: Goodbye woodfighter the Rogue, killed by a gnome lord... You died in The Gnomish Mines on dungeon level 4 with 9243 points, and 14 pieces of gold, after 2847 moves. You were level 6 with a maximum of 37 hit points when you died.